 Dungeon Crawl Stone Soup version 0.19.0-19-g8c6edcc (webtiles) character file.

200 dobroeutro the Chopper (level 6, -4/47 HPs)
             Began as a Formicid Fighter on Nov 13, 2016.
             Slain by a centaur (7 damage)
             ... on level 3 of the Dungeon.
             The game lasted 00:02:32 (1603 turns).

dobroeutro the Chopper (Formicid Fighter)           Turns: 1603, Time: 00:02:33

Health: -4/47      AC:  6    Str: 22    XL:     6   Next: 7%
Magic:  6/6        EV:  8    Int:  7    God:
Gold:   194        SH:  9    Dex: 11    Spells: 0 memorised, 5 levels left

rFire  . . .     SeeInvis +     a - +0 war axe
rCold  . . .     Gourm    .     b - +0 scale mail
rNeg   . . .     Faith    .     c - +0 shield
rPois  .         Spirit   .     (helmet unavailable)
rElec  .         Reflect  .     (no cloak)
rCorr  .         Harm     .     (no gloves)
MR     .....                    (no boots)
Stlth  ..........               (no amulet)
                                (no ring)
                                (no ring)

@: no status effects
A: permanent stasis, dig shafts and tunnels, four strong arms, antennae 3
a: Dig, Shaft Self


You were on level 3 of the Dungeon.
You were not hungry.

You visited 1 branch of the dungeon, and saw 3 of its levels.

You collected 194 gold pieces.

Inventory:

Hand Weapons
 a - a +0 war axe (weapon)
Armour
 b - a +0 scale mail (worn)
 c - a +0 shield (worn)
Scrolls
 e - a scroll of noise {unknown}
 h - 5 scrolls of identify {unknown}
 j - a scroll of immolation {unknown}
 m - 2 scrolls of blinking {unknown}
 n - a scroll of remove curse {unknown}
 o - 2 scrolls of fear {unknown}
Potions
 i - a potion of heal wounds {unknown}
 l - 3 potions of curing {unknown}
 p - a potion of lignification {unknown}
 q - a potion of degeneration {unknown}
 s - a potion of ambrosia {unknown}
 t - 2 potions of flight {unknown}
 v - a potion of resistance {unknown}
Comestibles
 f - a bread ration
 g - 2 fruits
 k - 2 slices of pizza
 r - 3 beef jerkies
 u - 2 meat rations


   Skills:
 - Level 3.2 Fighting
 + Level 5.8 Axes
 - Level 3.2 Armour
 - Level 3.6 Shields


You had 5 spell levels left.
You didn't know any spells.

Dungeon Overview and Level Annotations

Branches:
Dungeon (3/15)

Altars:
Qazlal


Innate Abilities, Weirdness & Mutations

You are under a permanent stasis effect.
You can dig through walls and to a lower floor.
Your four strong arms can wield two-handed weapons with a shield.
You have a pair of large antennae on your head. (SInv)


Message History

You are too injured to fight recklessly!
The centaur unwields an uncursed shortbow.
The centaur hits you but does no damage.
You slash the centaur!
The centaur is heavily wounded.
You block the centaur's attack. The centaur closely misses you.
You hit the centaur but do no damage.
The centaur is heavily wounded.
The centaur hits you.
* * * LOW HITPOINT WARNING * * *
The centaur hits you.
* * * LOW HITPOINT WARNING * * *
You hit the centaur but do no damage.
The centaur is heavily wounded.
You block the centaur's attack. The centaur hits you.
* * * LOW HITPOINT WARNING * * *
You hit the centaur but do no damage.
The centaur is moderately wounded.
The centaur hits you!
You die...

#..###.##
##.# #.#
###+###.#
#.......#
#.......#
#.......#
####(##.#
####(##.#
#...@...#
#....c..#
#.......#
#.......#
######..#
..# .>#
###


You could see a centaur.

Vanquished Creatures
  Purgy (D:3)
  An adder (D:3)
  3 oozes
  2 worms (D:2)
  5 dart slugs
  2 leopard geckos
  An orc (D:3)
  2 giant cockroaches
  5 goblins
  10 hobgoblins
  7 jackals
  8 kobolds
  7 bats
  2 frilled lizards
  7 rats
63 creatures vanquished.

Notes
Turn   | Place    | Note
-------+----------+-------------------------------------------
     0 | D:1      | dobroeutro the Formicid Fighter began the quest for the Orb.
     0 | D:1      | Reached XP level 1. HP: 18/18 MP: 1/1
    60 | D:1      | Reached XP level 2. HP: 24/24 MP: 2/2
   243 | D:1      | Reached skill level 3 in Axes
   306 | D:1      | Reached XP level 3. HP: 18/29 MP: 3/3
   690 | D:2      | Reached skill level 4 in Axes
   690 | D:2      | Reached XP level 4. HP: 35/35 MP: 4/4
   932 | D:2      | Found a stormy altar of Qazlal.
  1413 | D:3      | Reached XP level 5. HP: 41/41 MP: 5/5
  1500 | D:3      | Noticed Purgy
  1514 | D:3      | Killed Purgy
  1514 | D:3      | Reached skill level 5 in Axes
  1514 | D:3      | Reached XP level 6. HP: 16/47 MP: 6/6
  1603 | D:3      | Slain by a centaur

Skill      XL: |  1  2  3  4  5 |
---------------+----------------+-----
Axes           | 3 4 5 |  5.8
Fighting       | |  3.2
Armour         | |  3.2
Shields        | |  3.6

Action                   |  1- 3 |  4- 6 || total
-------------------------+-------+-------++-------
Melee: War axe           |    97 |   119 ||   216
  Use: Potion            |       |     1 ||     1
  Eat: Chunk             |       |     3 ||     3
Armor: Scale mail        |    45 |    49 ||    94
Dodge: Dodged            |    29 |    38 ||    67
Block: Shield            |    47 |    67 ||   114
